 Dungeon Crawl Stone Soup version 0.31-a0-846-gb3bcc0d938 (webtiles) character file.

Game seed: 3184114721426636223

264 WINGSOFCHICKEN the Caller (level 6, -6/42 HPs)
             Began as a Merfolk Summoner on Oct 3, 2023.
             Mangled by a black bear (11 damage)
             ... on level 4 of the Dungeon.
             The game lasted 00:33:34 (3195 turns).

WINGSOFCHICKEN the Caller (Merfolk Summoner)        Turns: 3195, Time: 00:33:35

Health: -6/42      AC:  3    Str:  8    XL:     6   Next: 19%
Magic:  1/11       EV: 13    Int: 16    God:
Gold:   159        SH:  0    Dex: 15    Spells: 6/12 levels left

rFire   . . .        d - +0 spear
rCold   . . .        (no shield)
rNeg    . . .        a - +0 robe
rPois   .            (no helmet)
rElec   .            x - +0 cloak
rCorr   .            (no gloves)
SInv    .            (no boots)
Will    .....        (no amulet)
Stlth   ++           (no ring)
HPRegen 0.27/turn    (no ring)
MPRegen 0.12/turn

%: no passive effects
@: no status effects
A: (nimble swimmer 2), mertail
a: no special abilities


You were on level 4 of the Dungeon.
You visited 1 branch of the dungeon, and saw 4 of its levels.

You collected 159 gold pieces.

Inventory:

Hand Weapons
 d - a +0 spear (weapon)
 r - a +1 whip of venom
Missiles
 n - 8 poisoned darts
 p - 28 stones
 s - 3 javelins
Armour
 a - a +0 robe (worn)
 j - a +0 leather armour
 x - a +0 cloak (worn)
Magical Staves
 q - a staff of air
Wands
 u - a wand of digging (5)
 w - a wand of paralysis (6)
Scrolls
 c - 2 scrolls of vulnerability {unknown}
 e - 4 scrolls of identify {unknown}
 g - a scroll of teleportation {unknown}
 h - 2 scrolls of silence {unknown}
 o - a scroll of enchant weapon {unknown}
 t - a scroll of immolation {unknown}
 v - a scroll of amnesia {unknown}
 y - a scroll of revelation {unknown}
Potions
 b - 4 potions of magic
 f - a potion of berserk rage
 i - 2 potions of might {unknown}
 k - a potion of degeneration {unknown}
 l - a potion of enlightenment {unknown}
 m - 2 potions of cancellation {unknown}


   Skills:
 + Level 0.5 Fighting
 * Level 2.6 Polearms
 + Level 3.3 Dodging
 + Level 2.6 Stealth
 * Level 3.6 Spellcasting
 * Level 5.5 Summonings


You had 6 spell levels left.
You knew the following spells:

 Your Spells              Type           Power      Damage    Failure   Level
a - Summon Small Mammal   Summ           80%        N/A       1%          1
b - Call Imp              Summ           40%        N/A       2%          2
c - Call Canine Familiar  Summ           20%        N/A       5%          3

Your spell library contained the following spells:

 Spells                   Type           Power      Damage    Failure   Level
 Summon Guardian Golem    Hex/Summ       11%        N/A       17%         3
 Summon Lightning Spire   Summ/Air       11%        N/A       50%         4


Dungeon Overview and Level Annotations

Branches:
Dungeon (4/15)
 Temple: D:4-7

Altars:
Nemelex Xobeh


Innate Abilities, Weirdness & Mutations

((You are very nimble when in or above water. (Stealth+, EV+, Speed+++)))
Your lower body shifts to a powerful aquatic tail in water.


Message History

The iguana barely misses your hound.
The black bear goes berserk!
Your hound closely misses the black bear.
Unknown command.
Reach: d) +0 spear
Press: ? - help, Dir - move target, f/p - black bear
Aim: a black bear (almost dead, berserk, ally target, about 31% to evade your +0 spear)
You could not reach far enough!
The black bear bites your hound!
Your hound dies!
Your hound's corpse disappears in a puff of smoke!
The iguana closely misses you.
You swap places.
The black bear bites your rat but does no damage.
The black bear claws your rat but does no damage.
The black bear claws your rat.
Your rat dies!
Your rat's corpse disappears in a puff of smoke!
You are out of magic!
The black bear rages.
The black bear bites you but does no damage.
The black bear barely misses you.
The black bear claws you but does no damage.
The black bear attacks as it pursues you!
The black bear misses you. The black bear barely misses you. x2
The black bear bites you. The black bear claws you.
The black bear claws you but does no damage.
The black bear bites you!
* * * LOW HITPOINT WARNING * * *
The black bear claws you.
* * * LOW HITPOINT WARNING * * *
The black bear closely misses you.
Aiming: Paralyse
Press: ? - help, Shift-Dir - straight line, f - black bear
Aim: a black bear (almost dead, berserk, chance to affect: 49%)
The black bear resists with some effort.
The black bear bites you.
* * * LOW HITPOINT WARNING * * *
The black bear closely misses you. The black bear barely misses you.
The black bear attacks as it pursues you!
The black bear bites you!
You die...

..........#### ###....#.#
.............# ##.#.#.##
.#.#....###..# #.#.#..#
.#.#..### #..# #.#.##.#
......## #..# #.#.##.#
.......# #..# #.#.##.#
.......# #..# #.#.##>#
...†...####..######.#.##.#
†............l.h@...#.##.#
......................##)#
######)####............†.#
######.# ################
..l....# ######.# . ..# ##
###


You could see a black bear (berserk) and an iguana.

Vanquished Creatures
  2 adders
  An orc (D:3)
  A ball python (D:2)
  An endoplasm (D:1)
  3 goblins
  A kobold (D:1)
  2 quokkas
  2 bats
  A frilled lizard (D:1)
  A rat (D:2)
15 creatures vanquished.

Vanquished Creatures (collateral kills)
  An ogre (D:4)
  A bullfrog (D:4)
  2 adders
  An ufetubus (D:4)
  2 dart slugs
  4 orcs (D:3)
  2 bats (D:1)
  4 endoplasms
  A giant cockroach (D:3)
  6 goblins
  7 hobgoblins
  2 kobolds
  A quokka (D:2)
  3 ball pythons
  2 frilled lizards
  9 rats
48 creatures vanquished.

Grand Total: 63 creatures vanquished

Notes
Turn   | Place    | Note
-------+----------+-------------------------------------------
     0 | D:1      | WINGSOFCHICKEN the Merfolk Summoner began the quest for the
                  | Orb.
     0 | D:1      | Reached XP level 1. HP: 13/13 MP: 3/3
   130 | D:1      | Reached XP level 2. HP: 19/19 MP: 3/5
   572 | D:1      | Reached XP level 3. HP: 22/24 MP: 3/6
   897 | D:2      | Found a sparkling altar of Nemelex Xobeh.
  1160 | D:2      | Reached XP level 4. HP: 28/31 MP: 5/7
  2240 | D:3      | Reached skill level 5 in Summonings
  2256 | D:3      | Learned a level 2 spell: Call Imp
  2260 | D:3      | Learned a level 3 spell: Call Canine Familiar
  2393 | D:3      | Reached skill level 1 in Polearms
  2908 | D:4      | Noticed a bullfrog
  2930 | D:4      | Killed a bullfrog
  2931 | D:4      | Reached XP level 5. HP: 31/36 MP: 6/9
  2993 | D:4      | Noticed an ogre
  3034 | D:4      | Killed an ogre
  3035 | D:4      | Reached XP level 6. HP: 5/42 MP: 4/11
  3134 | D:4      | Noticed a black bear
  3195 | D:4      | Mangled by a black bear

Illustrated notes

Levels and vault maps discovered:
D:1:      elethiomel_arrival_diamonds, layout_rooms,
          chequers_serial_rivers_micro_a
D:2:      layout_basic, basic_altar, minmay_cupped
D:3:      layout_basic
D:4:      layout_loops_ring, cheibrodos_sewer_entry_bend

Skill      XL: |  1  2  3  4  5 |
---------------+----------------+-----
Dodging        | 3 |  3.3
Summonings     | 5 |  5.5
Polearms       | 1 2 |  2.6
Spellcasting   | 3 |  3.6
Fighting       | |  0.5
Stealth        | |  2.6

Action                     |  1- 3 |  4- 6 || total
---------------------------+-------+-------++-------
  Melee: Spear             |    48 |    66 ||   114
   Cast: Summon Small Mamm |    35 |    29 ||    64
         Call Imp          |       |    11 ||    11
         Call Canine Famil |       |     3 ||     3
  Evoke: Wand              |       |     3 ||     3
    Use: Potion            |     1 |       ||     1
 Armour: Robe              |    24 |    51 ||    75
  Dodge: Dodged            |    44 |    73 ||   117

Table legend: (Time is in decaauts)
 A = Elapsed time spent in this place.
 B = Non-inter-level travel time spent in this place.
 C = Inter-level travel time spent in this place.
 D = Time resting spent in this place.
 E = Time spent auto-exploring this place.
 F = Levels seen in this place.
 G = Mean time per level.
                   A        B        C        D        E       F      G
               +--------+--------+--------+--------+--------+-----+--------+
         Total |   3206 |   3135 |     71 |    233 |   2065 |   4 |  801.5 |
       Dungeon |   3206 |   3135 |     71 |    233 |   2065 |   4 |  801.5 |
               +--------+--------+--------+--------+--------+-----+--------+

Top non-repeatable levels by time:
     D:3: 1096 daAuts
     D:2: 907 daAuts
     D:1: 858 daAuts
     D:4: 343 daAuts
